 Dungeon Crawl Stone Soup version 0.23-a0-333-g006994f (webtiles) character file.

6490 Mgcat the Cleaver (level 11, 0/56 HPs)
             Began as a Vine Stalker Fighter on Oct 17, 2018.
             Was a Plaything of Xom.
             Slain by an unseen horror (5 damage)
             ... on level 10 of the Dungeon.
             The game lasted 00:15:42 (7730 turns).

Mgcat the Cleaver (Vine Stalker Fighter)            Turns: 7730, Time: 00:15:42

Health: 0/56       AC:  9    Str: 21    XL:     11   Next: 0%
Magic:  0/12       EV:  7    Int:  8    God:    Xom [..*...]
Gold:   474        SH:  9    Dex: 13    Spells: 10/10 levels left

rFire    + . .     SeeInvis .   u - +5 war axe
rCold    . . .     Gourm    .   c - +0 shield
rNeg     . . .     Faith    .   b - +0 scale mail
rPois    .         Spirit   +   (no helmet)
rElec    .         Reflect  .   e - +1 cloak
rCorr    .         Harm     .   G - +0 pair of gloves
MR       +....                  (no boots)
Stlth    ..........             (no amulet)
HPRegen  0.58/turn              n - +5 ring of slaying
MPRegen  0.13/turn              r - ring of protection from fire {rF+, !d}

@: slowed, very slow
A: fangs 3, blurry vision 1, clumsy 1, regeneration 1, magic shield, antimagic
bite, no potion heal 3, rot immunity
a: Renounce Religion


You were on level 10 of the Dungeon.
You worshipped Xom.
You were a toy of Xom.
You were not hungry.

You visited 1 branch of the dungeon, and saw 10 of its levels.

You collected 474 gold pieces.

Inventory:

Hand Weapons
 u - a +5 war axe (weapon)
   (You took it off a wight on level 4 of the Dungeon)
 z - a +0 broad axe
   (You found it on level 6 of the Dungeon)
Missiles
 C - a throwing net {=f, !d}
Armour
 b - a +0 scale mail (worn)
 c - a +0 shield (worn)
 e - a +1 cloak (worn)
   (You took it off Crazy Yiuf on level 2 of the Dungeon)
 G - a +0 pair of gloves (worn)
   (You found it on level 9 of the Dungeon)
Jewellery
 a - an uncursed ring of ice {rC+, rF-}
   (You found it on level 5 of the Dungeon)
 n - a +5 ring of slaying (left hand)
   (You found it on level 2 of the Dungeon)
 r - a ring of protection from fire (right hand) {rF+, !d}
   (You found it on level 2 of the Dungeon)
Wands
 k - a wand of polymorph (20)
   (You took it off Sigmund on level 5 of the Dungeon)
Scrolls
 d - a scroll of enchant armour
 h - 2 scrolls of magic mapping {!r}
 m - 5 scrolls of remove curse
 q - 5 scrolls of teleportation
 y - 9 scrolls of identify
 A - a scroll of blinking {!r}
 B - a scroll of amnesia
 E - a scroll of random uselessness {unknown}
 F - a scroll of brand weapon {unknown}
Potions
 g - 3 potions of ambrosia
 i - 2 potions of heal wounds {unknown}
 j - a potion of flight {unknown}
 l - 3 potions of invisibility
 o - 2 potions of lignification {unknown}
 p - 7 potions of curing {unknown}
 v - a potion of haste {unknown}
 x - a potion of berserk rage {unknown}
Comestibles
 f - 22 rations
 s - 8 chunks of flesh {@w0}


   Skills:
 - Level 5.3 Fighting
 + Level 13.8 Axes
 - Level 2.4 Armour
 - Level 2.6 Shields


You had 10 spell levels left.
You didn't know any spells.
Your spell library contained the following spells:

 Spells                   Type           Power        Failure   Level  Hunger
 Animate Skeleton         Necr           N/A          99%         1    ##.....
 Apportation              Tloc           #.....       99%         1    ##.....
 Confusing Touch          Hex            #.....       99%         1    ##.....
 Summon Small Mammal      Summ           #...         99%         1    ##.....
 Call Imp                 Summ           #.......     100%        2    ###....
 Poisonous Vapours        Pois/Air       #.....       100%        2    ###....
 Call Canine Familiar     Summ           #.......     100%        3    ####...
 Conjure Flame            Conj/Fire      #.......     100%        3    ####...
 Mephitic Cloud           Conj/Pois/Air  #.......     100%        3    ####...
 Summon Guardian Golem    Hex/Summ       #.......     100%        3    ####...
 Summon Ice Beast         Ice/Summ       #.......     100%        4    #####..
 Summon Lightning Spire   Summ/Air       #.......     100%        4    #####..
 Freezing Cloud           Conj/Ice/Air   #.........   100%        6    #######
 Ring of Flames           Chrm/Fire      #.........   100%        7    #######


Dungeon Overview and Level Annotations

Branches:
Dungeon (10/15)            Temple (0/1) D:4             Orc (0/2) D:9
   Lair: D:8-11

Altars:
Dithmenos
Xom

Annotations:
D:7 3 runed doors, galech's ghost, novice DsFi


Innate Abilities, Weirdness & Mutations

You have razor-sharp teeth.
Your natural rate of healing is unusually fast.
When hurt, damage is shared between your health and your magic reserves.
Your bite disrupts and absorbs the magic of your enemies.
Potions cannot restore your health.
You are immune to rotting.
Scrolls take you a little longer to read.
You are clumsy. (Dex -2)


Message History

The centaur wields a +0 shortbow.
The centaur shoots an arrow.
The arrow hits you.
You see here an arrow.
A centaur is nearby!
The centaur shoots an arrow.
The arrow barely misses you.
The centaur shoots an arrow.
You block the arrow.
You see here an arrow.
The centaur shoots an arrow.
The arrow hits you.
The centaur shoots an arrow.
The arrow hits you!
You see here an arrow.
The centaur shoots an arrow.
The arrow closely misses you.
The centaur unwields a +0 shortbow.
You block the centaur's attack.
You slice the centaur!!
You kill the centaur!
No target in view!
No target in view!
No target in view!
Magic restored.
HP restored.
Things that are here:
a +0 shortbow; 18 arrows; a centaur corpse You butcher the centaur corpse.
s - 8 chunks of flesh {@w0} (gained 4)
Things that are here:
a +0 shortbow; 18 arrows; a centaur skeleton
Things that are here:
a +0 shortbow; 18 arrows; a centaur skeleton You now have 474 gold pieces (gained 9).
Xom smirks.
You detect items!
Things that are here:
a +0 shortbow; 18 arrows; a centaur skeleton Key pressed, stopping explore.
An adder comes into view.
An adder is nearby!
A wraith comes into view.
You slash the adder!
You kill the adder!
A phantasmal warrior comes into view.
The wraith hits you. The wraith drains your vigour!
You feel yourself slow down.
Unknown command.
Unknown command.
You slash the wraith!
The wraith is heavily damaged.
The wraith hits you. The wraith drains your vigour!
You feel as though you will be slow longer.
The wraith hits you but does no damage.
You hit the wraith. Your bite misses the wraith.
The wraith is heavily damaged.
The wraith hits you. The wraith drains your vigour!
You feel as though you will be slow longer.
You slash the wraith!
The wraith is severely damaged.
A phantasmal warrior comes into view.
The wraith hits you! The wraith drains your vigour!
You feel as though you will be slow longer.
You block the wraith's attack.
You are too injured to fight recklessly!
You slash the wraith!
You destroy the wraith!
You have reached level 11!
You hit the phantasmal warrior but do no damage.
You block the phantasmal warrior's attack. x2
You hit the phantasmal warrior.
You bite the phantasmal warrior, but do no damage.
The phantasmal warrior is lightly damaged.
The phantasmal warrior hits you!
Okay, then.
Really read with blurry vision while enemies are nearby? [Y]es or [N]o only, please.
Really read with blurry vision while enemies are nearby?
The phantasmal warrior hits you!!
* * * LOW HITPOINT WARNING * * *
The phantasmal warrior blinks!
You begin reading the scroll.
You continue reading the scroll.
You block the phantasmal warrior's attack. x2
As you read the scroll of teleportation, it crumbles to dust.
You feel strangely unstable.
Unknown command.
Unknown command.
Unknown command.
Unknown command.
Unknown command.
Unknown command.
Your surroundings suddenly seem different.
Xom thinks this is hilarious!
Something hits you.
* * * LOW HITPOINT WARNING * * *
Deactivating autopickup; reactivate with Ctrl-A.
Unknown command.
Unknown command.
Unknown command.
Unknown command.
You block something's attack. Something hits you but does no damage.
Unknown command.
You slash something! Your bite misses something.
Something hits you but does no damage. Something hits you!
You die... "What!?
That's it?"

∆ ...# ∆ ∆
...# ....
... ..#
#########..#
...........#
#@# #.# ..#
#.## .. ..#
.. #..


There were no monsters in sight!

Vanquished Creatures
  Grinder (D:4)
  Sigmund (D:5)
  6 yaks (D:9)
  A wraith (D:10)
  A steam dragon (D:10)
  Edmund (D:6)
  Purgy (D:4)
  2 water moccasins
  An orc warrior (D:6)
  4 sky beasts
  3 ice beasts
  A black bear (D:6)
  10 ogres
  3 phantoms (D:6)
  A necrophage (D:8)
  4 centaurs
  2 bullfrogs
  A water moccasin zombie (D:9)
  4 killer bees (D:7)
  11 wights
  A howler monkey (D:5)
  A crimson imp (D:5)
  A centaur zombie (D:8)
  A quasit (D:7)
  A bullfrog zombie (D:2)
  6 hounds
  Crazy Yiuf (D:2)
  A gnoll shaman (D:4)
  2 orc priests
  A centaur skeleton (D:9)
  4 orc wizards
  3 iguanas
  12 worker ants
  2 killer bee zombies (D:8)
  A hound zombie (D:8)
  A mummy (D:8)
  A howler monkey zombie (D:5)
  2 worker ant zombies (D:5)
  12 adders
  8 gnolls
  3 shadow imps
  2 oozes
  3 adder skeletons
  4 adder zombies
  3 worms
  3 dart slugs
  7 leopard geckos
  24 orcs
  3 bats
  6 giant cockroaches
  4 goblins
  11 hobgoblins
  2 jackals (D:8)
  10 kobolds
  4 quokkas
  2 ball pythons (D:3)
  9 frilled lizards
  A jackal skeleton (D:5)
  A leopard gecko zombie (D:8)
  A quokka zombie (D:7)
  7 rats
231 creatures vanquished.

Notes
Turn   | Place    | Note
-------+----------+-------------------------------------------
     0 | D:1      | Mgcat the Vine Stalker Fighter began the quest for the Orb.
     0 | D:1      | Reached XP level 1. HP: 11/11 MP: 2/2
   104 | D:1      | Reached skill level 2 in Axes
   194 | D:1      | Reached XP level 2. HP: 13/16 MP: 3/3
   211 | D:1      | Reached skill level 3 in Fighting
   713 | D:1      | Found a shimmering altar of Xom.
   715 | D:1      | Found a sacrificial altar of Ru.
   715 | D:1      | Found a glowing golden altar of the Shining One.
   718 | D:1      | Found a white marble altar of Elyvilon.
   718 | D:1      | Found a shimmering altar of Xom.
   718 | D:1      | Found a hide-covered altar of Uskayaw.
   776 | D:1      | Became a worshipper of Xom the Fickle
   807 | D:2      | Reached XP level 3. HP: 20/20 MP: 4/4
   939 | D:2      | XOM: divination: detect items
  1206 | D:2      | Reached skill level 3 in Axes
  1206 | D:2      | Gained mutation: Your natural rate of healing is unusually
                  | fast. [Vine Stalker growth]
  1206 | D:2      | Reached XP level 4. HP: 16/25 MP: 1/5
  1313 | D:2      | Reached skill level 4 in Fighting
  1407 | D:2      | Found a runed door.
  1411 | D:2      | Noticed Crazy Yiuf
  1415 | D:2      | XOM: blink monster(s)
  1418 | D:2      | Killed Crazy Yiuf
  1418 | D:2      | Reached XP level 5. HP: 19/29 MP: 4/6
  1478 | D:3      | XOM: stealth player
  1557 | D:4      | Noticed Purgy
  1586 | D:3      | Reached skill level 4 in Axes
  1678 | D:3      | Reached XP level 6. HP: 32/34 MP: 7/7
  1726 | D:3      | XOM: summons 3 hostile demons
  1735 | D:3      | HP: 5/34 [white imp/puff of frost[Xom] (6)]
  1737 | D:3      | HP: 1/34 [white imp/puff of frost[Xom] (3)]
  2013 | D:3      | XOM: summons 1 hostile shadow creature
  2189 | D:4      | Noticed Grinder
  2197 | D:4      | Killed Grinder
  2197 | D:4      | Reached skill level 5 in Fighting
  2197 | D:4      | Reached XP level 7. HP: 39/39 MP: 8/8
  2245 | D:4      | Reached skill level 5 in Axes
  2304 | D:4      | XOM: summons 1 hostile demon
  2322 | D:4      | Found a shadowy altar of Dithmenos.
  2322 | D:4      | XOM: 5-stop teleportation journey
  2347 | D:4      | XOM: summons 1 hostile shadow creature
  2367 | D:4      | XOM: mild Ice miscast
  2382 | D:4      | Reached skill level 6 in Axes
  2408 | D:4      | XOM: summons 3 hostile shadow creatures
  2434 | D:4      | Killed Purgy
  2437 | D:4      | XOM: noise
  2439 | D:4      | Gained mutation: You have razor-sharp teeth. [Vine Stalker
                  | growth]
  2439 | D:4      | Reached XP level 8. HP: 20/43 MP: 7/9
  2446 | D:4      | Reached skill level 7 in Axes
  2609 | D:4      | Found a staircase to the Ecumenical Temple.
  2723 | D:4      | XOM: summons 4 hostile demons
  2931 | D:4      | Reached skill level 8 in Axes
  3061 | D:4      | XOM: stat loss: -1 Str (19/20)
  3258 | D:5      | Entered Level 5 of the Dungeon
  3403 | D:5      | Noticed Sigmund
  3410 | D:5      | Killed Sigmund
  3708 | D:5      | XOM: noise
  3743 | D:5      | Reached skill level 9 in Axes
  3750 | D:5      | XOM: noise
  3757 | D:5      | XOM: medium Air miscast
  3762 | D:5      | Reached XP level 9. HP: 23/47 MP: 5/10
  4050 | D:6      | XOM: swap monsters
  4063 | D:6      | XOM: draining
  4126 | D:6      | Reached skill level 10 in Axes
  4277 | D:6      | XOM: severe Chrm miscast
  4354 | D:6      | Noticed Edmund
  4362 | D:6      | Killed Edmund
  4431 | D:6      | XOM is BORED!
  4431 | D:6      | XOM: summons 4 hostile shadow creatures
  4458 | D:6      | XOM: severe Conj miscast
  4686 | D:6      | Reached skill level 11 in Axes
  4814 | D:6      | XOM: summons 3 friendly demons
  4882 | D:6      | XOM: harmless Ice miscast
  4903 | D:6      | XOM: give mutations
  4903 | D:6      | Gained mutation: You occasionally shout uncontrollably at
                  | your foes. [Xom's mischief]
  4903 | D:6      | Gained mutation: Scrolls take you a little longer to read.
                  | [Xom's mischief]
  4903 | D:6      | Gained mutation: Scrolls take you longer to read. [Xom's
                  | mischief]
  5105 | D:7      | Reached XP level 10. HP: 41/51 MP: 8/11
  5112 | D:7      | XOM: summons 2 hostile shadow creatures
  5122 | D:7      | Reached skill level 12 in Axes
  5271 | D:7      | XOM: give mutations
  5271 | D:7      | Lost mutation: You occasionally shout uncontrollably at
                  | your foes. [Xom's mischief]
  5271 | D:7      | Lost mutation: Scrolls take you longer to read. [Xom's
                  | mischief]
  5271 | D:7      | Gained mutation: You are clumsy. (Dex -2) [Xom's mischief]
  5431 | D:7      | Found a runed gate.
  5432 | D:7      | Found a runed gate.
  5432 | D:7      | Noticed galech's ghost (novice DsFi)
  5433 | D:7      | Found a runed gate.
  6107 | D:8      | XOM: stealth player
  6371 | D:8      | XOM: harmless Hex miscast
  6381 | D:8      | XOM: divination: detect items
  6394 | D:8      | XOM: divination: detect items
  6637 | D:8      | XOM: divination: detect items
  6743 | D:8      | XOM: divination: detect creatures
  6751 | D:8      | XOM: divination: detect creatures
  6914 | D:9      | XOM: harmless Erth miscast
  6920 | D:9      | Reached skill level 13 in Axes
  7121 | D:9      | Found a staircase to the Orcish Mines.
  7677 | D:10     | Entered Level 10 of the Dungeon
  7707 | D:10     | XOM: divination: detect items
  7718 | D:10     | Noticed a phantasmal warrior
  7721 | D:10     | Noticed a phantasmal warrior
  7722 | D:10     | Reached XP level 11. HP: 37/56 MP: 7/12
  7725 | D:10     | HP: 6/56 [phantasmal warrior[a death knight] (21)]
  7730 | D:10     | Slain by an unseen horror

Vault maps used:
D:1:      nzn_arrival_settlement, doesnt_xom_only_xom
D:2:      uniq_crazy_yiuf_cottage
D:3:      first_ration
D:4:      nicolae_overflow_hidden_temple, minmay_temple_entry_statues_pillars,
          serial_forest, infiniplex_forest_end_1, infiniplex_forest_clump_small,
          infiniplex_forest_clump_C, infiniplex_forest_clump_large,
          infiniplex_forest_lined_4_way, infiniplex_forest_straight_3,
          infiniplex_forest_clump_tiny, uniq_purgy, uniq_grinder
D:5:      eino_small_chamber_without_monster, uniq_sigmund
D:6:      serial_co_window_serial, co_window_of_opportunity_a,
          co_window_paths_a, co_window_paths_a, co_window_paths_b,
          co_window_paths_a, co_window_cross_2, co_window_of_opportunity_c,
          co_window_unsneaky_path_a, co_window_paths_c,
          co_window_unsneaky_path_d, co_window_broadway_b, co_window_2corner,
          glass_columns_b, glass_columns_c, glass_columns_c, uniq_edmund
D:7:      gammafunk_ghost_nasty_kobolds
D:8:      serial_undead, serial_undead_b, serial_undead_a, serial_undead_a,
          serial_undead_b, grunt_ogre_cave, dk_rats_in_the_wall
D:9:      kennysheep_big_flooded_room, orc_0_dummy
D:10:     minivault_13

Skill      XL: |  1  2  3  4  5  6  7  8  9 10 |
---------------+-------------------------------+-----
Axes           | 2 3 4 6 9 11 13 | 13.8
Fighting       | 3 4 5 |  5.3
Armour         | |  2.4
Shields        | |  2.6

Action                   |  1- 3 |  4- 6 |  7- 9 | 10-12 || total
-------------------------+-------+-------+-------+-------++-------
Melee: War axe           |    71 |   100 |   191 |   152 ||   514
       Bite              |    19 |    27 |    61 |    47 ||   154
  Use: Scroll            |     6 |       |     4 |     2 ||    12
       Potion            |       |     1 |       |       ||     1
 Stab: Sleeping          |       |     1 |       |     1 ||     2
  Eat: Chunk             |     1 |     3 |    10 |     8 ||    22
Armor: Scale mail        |    29 |    38 |    63 |    36 ||   166
Dodge: Dodged            |    20 |    28 |    36 |    38 ||   122
Block: Shield            |    27 |    39 |    61 |    69 ||   196

Table legend:
 A = Non-vault XP
 B = Vault XP
 C = Vault XP percentage of total XP
 D = Non-vault monster count
 E = Vault monster count
 F = Vault count percentage of total count
                 A         B        C        D         E       F
            +---------+---------+-------+---------+---------+-------
      Total |    7848 |    1424 |  15.4 |     214 |      17 |   7.4
            +---------+---------+-------+---------+---------+-------
        D:1 |      31 |       0 |   0.0 |      19 |       0 |   0.0
        D:2 |     124 |      41 |  24.8 |      16 |       1 |   5.9
        D:3 |     174 |       0 |   0.0 |      40 |       0 |   0.0
        D:4 |     941 |     428 |  31.3 |      26 |       2 |   7.1
        D:5 |     450 |     227 |  33.5 |      15 |       1 |   6.2
        D:6 |    1816 |     162 |   8.2 |      26 |       1 |   3.7
        D:7 |     969 |       0 |   0.0 |      22 |       0 |   0.0
        D:8 |     631 |     533 |  45.8 |      26 |      11 |  29.7
        D:9 |    2200 |      33 |   1.5 |      19 |       1 |   5.0
       D:10 |     512 |       0 |   0.0 |       5 |       0 |   0.0
            +---------+---------+-------+---------+---------+-------

Vault maps used:
D:1:      nzn_arrival_settlement, doesnt_xom_only_xom
D:2:      uniq_crazy_yiuf_cottage
D:3:      first_ration
D:4:      nicolae_overflow_hidden_temple, minmay_temple_entry_statues_pillars,
          serial_forest, infiniplex_forest_end_1, infiniplex_forest_clump_small,
          infiniplex_forest_clump_C, infiniplex_forest_clump_large,
          infiniplex_forest_lined_4_way, infiniplex_forest_straight_3,
          infiniplex_forest_clump_tiny, uniq_purgy, uniq_grinder
D:5:      eino_small_chamber_without_monster, uniq_sigmund
D:6:      serial_co_window_serial, co_window_of_opportunity_a,
          co_window_paths_a, co_window_paths_a, co_window_paths_b,
          co_window_paths_a, co_window_cross_2, co_window_of_opportunity_c,
          co_window_unsneaky_path_a, co_window_paths_c,
          co_window_unsneaky_path_d, co_window_broadway_b, co_window_2corner,
          glass_columns_b, glass_columns_c, glass_columns_c, uniq_edmund
D:7:      gammafunk_ghost_nasty_kobolds
D:8:      serial_undead, serial_undead_b, serial_undead_a, serial_undead_a,
          serial_undead_b, grunt_ogre_cave, dk_rats_in_the_wall
D:9:      kennysheep_big_flooded_room, orc_0_dummy
D:10:     minivault_13

Table legend:
 A = Turns spent in this place as a percentage of turns spent in the entire game.
 B = Non-inter-level travel turns spent in this place as a percentage of non-inter-level travel turns spent in the entire game.
 C = Inter-level travel turns spent in this place as a percentage of turns spent in this place.
 D = Turns resting spent in this place as a percentage of non-inter-level travel turns spent in this place.
 E = Turns spent auto-exploring this place as a percentage of non-inter-level travel turns spent in this place.
 F = Non-inter-level travel turns spent in this place divided by the number of levels of this place that you've seen.
                   A       B       C       D       E      F
               +-------+-------+-------+-------+-------+----------------------
         Total | 100.0 | 100.0 |   4.9 |   0.7 |  81.5 | 734.9
       Dungeon | 100.0 | 100.0 |   4.9 |   0.7 |  81.5 | 734.9
               +-------+-------+-------+-------+-------+----------------------

Table legend:
 A = Kills in this place as a percentage of kills in entire the game.
 B = Kills by you in this place as a percentage of kills by you in the entire game.
 C = Kills by friends in this place as a percentage of kills by friends in the entire game.
 D = Other kills in this place as a percentage of other kills in the entire game.
 E = Experience gained in this place as a percentage of experience gained in the entire game.
 F = Experience gained in this place divided by the number of levels of this place that you have seen.
                   A       B       C       D       E      F
               +-------+-------+-------+-------+-------+----------------------
         Total | 100.0 | 100.0 |   N/A |   N/A | 100.0 | 927.2
       Dungeon | 100.0 | 100.0 |   N/A |   N/A | 100.0 | 927.2
               +-------+-------+-------+-------+-------+----------------------
